 Dungeon Crawl Stone Soup version 0.29-a0-1016-g236c7fd91e (webtiles) character file.

Game seed: 1341741162411887484

659 IdlyInterested the Chopper (level 7, 0/59 HPs)
             Began as a Minotaur Fighter on Aug 9, 2022.
             Succumbed to a gnoll's poison
             ... on level 5 of the Dungeon.
             The game lasted 00:07:54 (3970 turns).

IdlyInterested the Chopper (Minotaur Fighter)       Turns: 3970, Time: 00:07:55

Health: 0/59       AC: 15    Str: 21    XL:     7   Next: 30%
Magic:  6/6        EV:  8    Int:  5    God:
Gold:   176        SH:  4    Dex: 11    Spells: 6/6 levels left

rFire   + . .      SeeInvis .   a - +0 war axe
rCold   . . .      Faith    .   c - +0 buckler
rNeg    . . .      Spirit   .   q - +5 chain mail of the Rose {rCorr}
rPois   .          Reflect  .   (helmet restricted)
rElec   .          Harm     .   l - +0 cloak
rCorr   +          Rampage  .   (no gloves)
Will    .....                   (no boots)
Stlth   ..........              (no amulet)
HPRegen 0.19/turn               u - ring of protection from fire
MPRegen 0.10/turn               (no ring)

@: brilliant, lethally poisoned (0 -> -14), flying
A: horns 2, retaliatory headbutt
a: no special abilities


You were on level 5 of the Dungeon.
You visited 1 branch of the dungeon, and saw 5 of its levels.

You collected 176 gold pieces.

Inventory:

Hand Weapons
 a - a +0 war axe (weapon)
 e - a +0 hand axe
 o - a +0 hand axe
 p - a +0 flail
 z - a +0 hand axe
 A - a +0 hand axe
Missiles
 v - 7 boomerangs (quivered)
 B - 4 poisoned darts
Armour
 c - a +0 buckler (worn)
 l - a +0 cloak (worn)
 q - the +5 chain mail of the Rose (worn) {rCorr}
   (You found it on level 4 of the Dungeon)

   rCorr:     It protects you from acid and corrosion.
 w - a +0 cloak
Jewellery
 u - a ring of protection from fire (left hand)
Scrolls
 f - a scroll of magic mapping {unknown}
 h - 3 scrolls of blinking {unknown}
 i - a scroll of immolation {unknown}
 j - 4 scrolls of identify {unknown}
 k - 6 scrolls of teleportation {unknown}
 m - 2 scrolls of vulnerability {unknown}
 y - a scroll of enchant weapon {unknown}
 C - a scroll of torment {unknown}
Potions
 b - a potion of lignification {unknown}
 d - 2 potions of might
 g - a potion of magic {unknown}
 n - 5 potions of flight
 r - a potion of brilliance
 s - 2 potions of ambrosia {unknown}
 t - 2 potions of haste
 x - a potion of heal wounds {unknown}
 D - a potion of berserk rage {unknown}


   Skills:
 - Level 4.0 Fighting
 * Level 7.3 Axes
 + Level 1.0 Throwing
 - Level 4.0 Armour
 + Level 4.1 Dodging
 - Level 4.0 Shields
 - Level 2.0 Evocations


You had 6 spell levels left.
You didn't know any spells.
Your spell library contained the following spells:

 Spells                   Type           Power      Damage    Failure   Level
 Apportation              Tloc           0%         N/A       99%         1
 Beastly Appendage        Tmut           0%         N/A       99%         1
 Necrotise                Necr           0%         1d4       99%         1
 Summon Small Mammal      Summ           0%         N/A       99%         1
 Sublimation of Blood     Necr           0%         N/A       100%        2
 Wereblood                Tmut           0%         N/A       100%        2
 Call Canine Familiar     Summ           0%         N/A       100%        3
 Summon Guardian Golem    Hex/Summ       0%         N/A       100%        3
 Petrify                  Tmut/Erth      0%         N/A       100%        4
 Irradiate                Conj/Tmut      0%         3d11      100%        5
 Enfeeble                 Hex            0%         N/A       100%        7
 Summon Hydra             Summ           0%         N/A       100%        7


Dungeon Overview and Level Annotations

Branches:
Dungeon (5/15)
 Temple: D:4-7

Altars:
Gozag
Kikubaaqudgha
Okawaru
The Shining One


Innate Abilities, Weirdness & Mutations

You have a pair of horns on your head.
You reflexively headbutt those who attack you in melee.


Message History

You furiously retaliate!
You headbutt the gnoll, but do no damage.
The gnoll sergeant hits you with a +0 spear!
You hit the gnoll sergeant. You headbutt the gnoll sergeant.
The gnoll sergeant is lightly wounded.
You slash the gnoll!
You feel sick.
The gnoll hits you with a +2 whip of venom!
You are more poisoned.
You block the gnoll sergeant's attack.
The gnoll hits you from afar with a +0 spear.
* * * LOW HITPOINT WARNING * * *
The gnoll barely misses you. x2
The gnoll sergeant hits you but does no damage.
You hit the gnoll sergeant but do no damage.
The gnoll sergeant is lightly wounded.
You barely miss the gnoll. You closely miss the gnoll.
* * * LOW HITPOINT WARNING * * *
You feel very sick. The gnoll barely misses you. You furiously retaliate!
You headbutt the gnoll, but do no damage.
The gnoll barely misses you. x2
The gnoll sergeant hits you but does no damage.
You closely miss the gnoll sergeant. The gnoll sergeant blocks your attack.
The gnoll sergeant is lightly wounded.
You closely miss the gnoll. x2; You feel sick.
You block the gnoll's attack. The gnoll hits you with a +0 flail!
* * * LOW HITPOINT WARNING * * *
The gnoll sergeant hits you but does no damage.
The gnoll hits you but does no damage.
It was a potion of flight.
You feel very buoyant.
You fly up into the air.
* * * LOW HITPOINT WARNING * * *
You feel sick.
The gnoll hits you but does no damage. x2
You are more poisoned.
The gnoll sergeant hits you but does no damage.
You block the gnoll's attack.
It was a potion of brilliance.
You feel clever all of a sudden.
You die...

.# #...# ....#
.... ### ...###
... #.#.. ..
##.##.#g# #.
###...#g#g####.#
#. ##
#.....).@g.....#
#. .# ###
#.#...#)#.##...#
#. .# ##.#.
#.#...#.#.#
.#####. .#
#.....##.#...#.#.#
.......#.#
..[............#..
.......<.#
..............>###
....######
......#........# .
.....#...#...###
.......#.....#


You could see a gnoll sergeant and 3 gnolls.

Vanquished Creatures
  A necrophage (D:5)
  A scorpion (D:4)
  A howler monkey (D:4)
  3 jellies
  An orc priest (D:4)
  Crazy Yiuf (D:2)
  Terence (D:3)
  An iguana (D:4)
  2 orc wizards (D:4)
  6 gnolls
  6 adders
  An ufetubus (D:5)
  3 worms
  A dart slug (D:2)
  10 orcs (D:4)
  8 ball pythons
  A bat zombie (D:3)
  8 endoplasms
  2 giant cockroaches
  7 goblins
  9 hobgoblins
  9 jackals
  3 quokkas
  6 bats
  4 frilled lizards (D:3)
  4 kobolds
  3 rats
  2 rat zombies (D:3)
105 creatures vanquished.

Vanquished Creatures (others)
  An orc wizard (D:4)
1 creature vanquished.

Grand Total: 106 creatures vanquished

Notes
Turn   | Place    | Note
-------+----------+-------------------------------------------
     0 | D:1      | IdlyInterested the Minotaur Fighter began the quest for the
                  | Orb.
     0 | D:1      | Reached XP level 1. HP: 19/19 MP: 0/0
    29 | D:1      | Got the Vellum of Enchanting Shapeshifting
   221 | D:1      | Reached skill level 3 in Axes
   221 | D:1      | Reached XP level 2. HP: 27/27 MP: 1/1
   366 | D:1      | Reached skill level 1 in Dodging
   974 | D:2      | You fall into a shaft and drop 2 floors!
   978 | D:4      | Noticed a howler monkey
   981 | D:4      | Killed a howler monkey
   982 | D:4      | Reached skill level 4 in Axes
   982 | D:4      | Reached XP level 3. HP: 33/33 MP: 2/2
  1005 | D:4      | Reached XP level 4. HP: 38/40 MP: 3/3
  1180 | D:4      | Identified the +5 chain mail of the Rose {rCorr}
  1299 | D:3      | Found a large runed translucent door.
  1300 | D:3      | Found a large runed translucent door.
  1378 | D:2      | Reached skill level 5 in Axes
  1420 | D:2      | Reached XP level 5. HP: 46/46 MP: 4/4
  1684 | D:2      | Found a faded altar of an unknown god.
  1999 | D:2      | Found a runed translucent door.
  2000 | D:2      | Noticed Crazy Yiuf
  2005 | D:2      | Killed Crazy Yiuf
  2518 | D:3      | Noticed Terence
  2529 | D:3      | Killed Terence
  2530 | D:3      | Reached XP level 6. HP: 44/52 MP: 5/5
  2581 | D:3      | Found an ancient bone altar of Kikubaaqudgha.
  2649 | D:3      | Reached skill level 6 in Axes
  3014 | D:3      | Found a glowing golden altar of the Shining One.
  3024 | D:3      | Found an iron altar of Okawaru.
  3169 | D:4      | Reached skill level 1 in Evocations
  3334 | D:4      | Found an opulent altar of Gozag.
  3804 | D:5      | Entered Level 5 of the Dungeon
  3808 | D:5      | Reached XP level 7. HP: 57/59 MP: 6/6
  3922 | D:5      | Reached skill level 7 in Axes
  3947 | D:5      | Reached skill level 1 in Throwing
  3969 | D:5      | HP: 2/59 [poisoned by a gnoll]
  3970 | D:5      | Succumbed to a gnoll's poison

Illustrated notes

Levels and vault maps discovered:
D:1:      minmay_arrival_diagonal_passages, layout_rooms,
          serial_co_window_serial, co_window_corner_a, co_window_cross_1,
          co_window_corner_a, co_window_corner_a, co_window_corner_a,
          co_window_cross_4, co_window_of_opportunity_c, co_window_cross_2,
          co_window_unsneaky_path_e, co_window_corner_ca, co_window_corner_cb,
          glass_columns_b, glass_columns_a, glass_columns_b, glass_columns_a,
          minmay_hexomino_c4
D:2:      layout_loops_corners, shapermc_ecumenical_altar_mp_highgroup,
          minmay_tripent, uniq_crazy_yiuf_cottage
D:3:      layout_loops_ring, lemuel_zombie_altar_kikubaaqudgha,
          jmf_multi_god_temple2, uniq_terence
D:4:      layout_basic, nicolae_gozag_seed_capital
D:5:      layout_loops_ring, slow_altar_2, chequers_serial_rivers_room_b

Skill      XL: |  1  2  3  4  5  6  7 |
---------------+----------------------+-----
Axes           | 3 4 5 6 7 |  7.3
Dodging        | 1 2 3 4 |  4.1
Fighting       | 4 |  4.0
Armour         | 4 |  4.0
Shields        | 4 |  4.0
Evocations     | 2 |  2.0
Throwing       | 1 |  1.0

Action                   |  1- 3 |  4- 6 |  7- 9 || total
-------------------------+-------+-------+-------++-------
Melee: War axe           |    47 |   164 |    17 ||   228
       Headbutt          |     7 |    23 |     4 ||    34
  Use: Potion            |       |       |     2 ||     2
Armor: Scale mail        |    21 |     7 |       ||    28
       Chain mail        |       |    91 |    24 ||   115
Dodge: Dodged            |    24 |    59 |    17 ||   100
Block: Buckler           |    12 |    39 |     5 ||    56

Table legend: (Time is in decaauts)
 A = Elapsed time spent in this place.
 B = Non-inter-level travel time spent in this place.
 C = Inter-level travel time spent in this place.
 D = Time resting spent in this place.
 E = Time spent auto-exploring this place.
 F = Levels seen in this place.
 G = Mean time per level.
                   A        B        C        D        E       F      G
               +--------+--------+--------+--------+--------+-----+--------+
         Total |   4030 |   3769 |    261 |     93 |   2851 |   5 |  806.0 |
       Dungeon |   4030 |   3769 |    261 |     93 |   2851 |   5 |  806.0 |
               +--------+--------+--------+--------+--------+-----+--------+

Top non-repeatable levels by time:
     D:4: 1125 daAuts
     D:1: 1024 daAuts
     D:2: 920 daAuts
     D:3: 876 daAuts
     D:5: 83 daAuts
